 Dungeon Crawl Stone Soup version 0.28-b1-1-g3c77fb2ed1 (webtiles) character file.

Game seed: 11670861760160653400

18 zeram the Ducker (level 2, 0/16 HPs)
             Began as a Spriggan Fighter on Jan 28, 2022.
             Slain by a hobgoblin (4 damage)
             ... on level 2 of the Dungeon.
             The game lasted 00:01:03 (900 turns).

zeram the Ducker (Spriggan Fighter)                  Turns: 900, Time: 00:01:04

Health: 0/16       AC:  2    Str: 12    XL:     2   Next: 48%
Magic:  3/3        EV: 17    Int:  9    God:
Gold:   47         SH:  6    Dex: 14    Spells: 1/1 levels left

rFire   . . .      SeeInvis +   a - +0 rapier
rCold   . . .      Faith    .   c - +0 buckler
rNeg    . . .      Spirit   .   b - +0 robe
rPois   .          Reflect  .   (helmet restricted)
rElec   .          Harm     .   (no cloak)
rCorr   .          Rampage  .   (gloves unavailable)
Will    .....                   (boots unavailable)
Stlth   +.........              (no amulet)
HPRegen 0.05/turn               (no ring)
MPRegen 0.08/turn               (no ring)

@: lethally poisoned (0 -> -7), very quick
A: very small, no large weapons, unfitting armour, see invisible, speed 3
a: no special abilities


You were on level 2 of the Dungeon.
You visited 1 branch of the dungeon, and saw 2 of its levels.

You collected 47 gold pieces.

Inventory:

Hand Weapons
 a - a +0 rapier (weapon)
Armour
 b - a +0 robe (worn)
 c - a +0 buckler (worn)
Jewellery
 i - a ring of protection from cold
Scrolls
 e - a scroll of teleportation
Potions
 d - a potion of might
 g - 2 potions of curing {unknown}
 j - 2 potions of heal wounds
 k - a potion of invisibility {unknown}
 l - a potion of flight {unknown}


   Skills:
 - Level 2.4 Fighting
 + Level 2.5 Short Blades
 + Level 4.5 Dodging
 + Level 2.4 Shields


You had one spell level left.
You didn't know any spells.
Your spell library was empty.

Dungeon Overview and Level Annotations

Branches:
Dungeon (2/15)

Altars:

Shops:
D:1 *


Innate Abilities, Weirdness & Mutations

You are very small and have problems with some larger weapons.
You are too small for most types of armour.
You have supernaturally acute eyesight. (SInv)
You cover ground extremely quickly. (Speed+++)


Message History

A bat is nearby!
The helpless bat fails to defend itself.
You puncture the bat!
You kill the bat!
No target in view!
No target in view!
No target in view!
No target in view!
No target in view!
No target in view!
No target in view!
No target in view!
No target in view!
No target in view!
No target in view!
No target in view!
Found 6 bolts and 16 stones.
A hobgoblin and an adder come into view.
There are monsters nearby!
There are monsters nearby!
There are monsters nearby!
The hobgoblin shouts!
The adder hisses angrily.
You hear a shout!
An adder comes into view.
A goblin comes into view. It is wielding a +0 club.
Found a stone staircase leading down.
The goblin shouts!
The hobgoblin completely misses you.
You barely miss the adder. The adder bites you.
You are poisoned.
The adder poisons you! You block the hobgoblin's attack.
You barely miss the adder.
You feel sick. The adder barely misses you. The hobgoblin barely misses you.
The adder misses you.
You miss the adder.
You feel sick. You block the hobgoblin's attack. The adder barely misses you.
You miss the adder.
You feel sick. The adder bites you.
* * * LOW HITPOINT WARNING * * *
You are lethally poisoned!
The adder poisons you! You block the adder's attack. The adder misses you.
The adder bites you but does no damage. The hobgoblin hits you.
You die...

#.....## #........
#...... #........
#.....# #........ #
#.....# ........#>#
#.....# ........#.
#.....# .........
#.....##.# ......gg#
#...<....#
......S@#####.########
###...S.......#
#...........#
#...........#
............(#
#.##...(......# #
#..........#
#.........##
#..........


You could see 2 adders, a hobgoblin and a goblin.

Vanquished Creatures
  A dart slug (D:1)
  A ball python (D:1)
  An endoplasm (D:1)
  A goblin (D:1)
  A hobgoblin (D:1)
  4 kobolds (D:1)
  2 bats
  A frilled lizard (D:1)
  3 rats (D:1)
15 creatures vanquished.

Notes
Turn   | Place    | Note
-------+----------+-------------------------------------------
     0 | D:1      | zeram the Spriggan Fighter began the quest for the Orb.
     0 | D:1      | Reached XP level 1. HP: 11/11 MP: 2/2
   394 | D:1      | Reached XP level 2. HP: 15/16 MP: 3/3
   524 | D:1      | Found Rel Zan's General Store.
   617 | D:1      | Found a faded altar of an unknown god.
   900 | D:2      | Slain by a hobgoblin

Illustrated notes

Levels and vault maps discovered:
D:1:      roderic_dead_forest, layout_basic, chequers_ecumenical_altar_twisty,
          serial_shops, nicolae_shop_waterfront
D:2:      layout_basic, dk_vineyard_1, minmay_fountain_box, uniq_terence

Action                   || total
-------------------------++-------
Melee: Rapier            ||    44
  Use: Scroll            ||     3
 Stab: Sleeping          ||     1
Armor: Robe              ||     2
Dodge: Dodged            ||    31
Block: Buckler           ||    12
